 Dungeon Sprint DCSS version 0.18-b1-16-g289874d (webtiles) character file.

7132 Kidiri the Unseen (level 10, -2/53 HPs)
             Began as a Spriggan Enchanter on May 2, 2016.
             Was the Champion of Dithmenos.
             Slain by Maud
             ... wielding a +5 demon trident
              (33 damage)
             ... in the Dungeon (Sprint III: "The Ten Rune Challenge").
             The game lasted 00:10:47 (2348 turns).

Kidiri the Unseen (Spriggan Enchanter)              Turns: 2348, Time: 00:10:47

Health: -2/53      AC:  7    Str: 11    XL:     10   Next: 85%
Magic:  3/27       EV: 32    Int: 18    God:    Dithmenos [******]
Gold:   23         SH:  0    Dex: 19    Spells: 5 memorised, 21 levels left

rFire  + . .     SeeInvis +     a - +1 dagger
rCold  . . .     Gourm    .     b - +1 robe
rNeg   . . .     Faith    .     (shield restricted)
rPois  .         Spirit   .     (helmet restricted)
rElec  .         Dismiss  .     (no cloak)
rCorr  .         Reflect  .     (gloves unavailable)
SustAt .         Harm     .     (boots unavailable)
MR     +....     NoTele   +     (no amulet)
Stlth  ++++++++++               (no ring)
                                (no ring)

@: mighty, wreathed by umbra, very quick, somewhat resistant to hostile
enchantments, uncannily stealthy
A: unfitting armour, thin metallic scales 1, yellow scales 1, see invisible,
agile 1, dopey 1, fire resistance 1, herbivore 3, speed 3, slow metabolism 2,
strong 1
a: Shadow Step, Shadow Form, Renounce Religion


You were in the Dungeon.
You worshipped Dithmenos.
Dithmenos was exalted by your worship.
You were full.

You visited 1 branch You collected 23 gold pieces.

Inventory:

Hand Weapons
 a - a +1 dagger (weapon)
Missiles
 m - 10 throwing nets (quivered)
Armour
 b - a +1 robe (worn)
Wands
 l - a wand of hasting (5/9)
Scrolls
 j - a scroll of blinking
 k - a scroll of fear
Potions
 c - a potion of berserk rage
 e - 2 potions of curing
 g - a potion of haste
 i - a potion of cure mutation
 p - 3 potions of flight
Comestibles
 o - 23 royal jellies


   Skills:
 + Level 6.2 Fighting
 * Level 11.2 Short Blades
 + Level 5.3 Armour
 * Level 14.4 Dodging
 * Level 15.7 Stealth
 * Level 12.4 Spellcasting
 + Level 5.1 Conjurations
 + Level 9.5 Hexes
 + Level 5.9 Ice Magic
 - Level 2.8 Invocations
 + Level 5.4 Evocations


You had 21 spell levels left.
You knew the following spells:

 Your Spells              Type           Power        Failure   Level  Hunger
a - Corona                Hex            #####..      1%          1    None
b - Ensorcelled Hibernat  Hex/Ice        #####.       1%          2    None
c - Confuse               Hex            #####...     1%          3    None
d - Tukima's Dance        Hex            #####...     1%          3    None
e - Dazzling Spray        Conj/Hex       #####...     1%          3    None


Dungeon Overview and Level Annotations

Branches:
Dungeon (1/1)

Altars:
Cheibriados
Dithmenos
Elyvilon
Fedhas
Gozag
Kikubaaqudgha
Makhleb
Nemelex Xobeh
Okawaru
Pakellas
Qazlal
Ru
Sif Muna
Trog
Vehumet
Xom
Yredelemnul
Zin
The Shining One
Jiyva
Lugonu

Annotations:
D Maud


Innate Abilities, Weirdness & Mutations

You are tiny and cannot use many weapons and most armour.
You have supernaturally acute eyesight.
You are a herbivore.
You cover ground extremely quickly.
You need consume almost no food.
You are partially covered in thin metallic scales (AC +2).
You are partially covered in yellow scales (AC +2).
You are agile. (Dex +2)
You are dopey. (Int -2)
Your flesh is heat resistant.
Your muscles are strong. (Str +2)


Message History

You don't have any such object.
Drink which item? (? for menu, Esc to quit)
You feel very mighty all of a sudden.
Casting: Dazzling Spray
Confirm with . or Enter, or press ? or * to list all spells.
Okay, then.
Unknown command.
Drink which item? (? for menu, Esc to quit)
Okay, then.
Unknown command.
Unknown command.
Drink which item? (? for menu, Esc to quit)
Okay, then.
Maud completely misses you.
You completely miss Maud.
Maud is severely wounded.
Your shadow hits Maud but does no damage.
Maud hits you with an enchanted demon trident!!
Ouch! That really hurt!
You die...

....'.⌠........# ≈.♣.#...######'#
....#.⌠.#__#...#+################
....#...#__#...#....#.#)#)....#..
....#+###__#...##.#.)#.##.###.#..
....#.):#__#...'##)#.#.##.#)%##..
....#___#__+...#...#..#..##.)'%%.
▓▓▓▓▓▓▓▓▓▓▓▓▓▓▓▓▓▓▓▓▓▓▓▓▓▓▓▓▓#%..
♣♣≈≈≈@@......≈≈≈...#...
+♣♣'♣≈≈≈≈≈≈≈≈≈≈≈≈♣♣P.'...
#.≈♣♣♣♣♣♣♣♣♣♣♣♣♣♣♣♣PP#... #..♣♣
♣♣♣##+# ###'♣♣♣♣♣ ♣♣♣♣.##.§##
♣...##.##§# ♣♣.##.##§##+
♣..#@##§§§#


You could see Maud.

Vanquished Creatures
  Erolcha (D)
  A lindwurm (D)
  A deep elf mage (D)
  2 spiny frogs (D)
  A komodo dragon (D)
  3 wandering mushrooms (D)
  A queen bee (D)
  2 giant leeches (D)
  5 redbacks (D)
  A shadow (D)
  2 hill giants (D)
  A spatial vortex (D)
  A necrophage (D)
  3 two-headed ogres (D)
  A water elemental (D)
  A scorpion (D)
  32 killer bees (D)
  A jelly (D)
  A wizard (D)
  Jessica (D)
  A necromancer (D)
  3 humans (D)
  A kobold demonologist (D)
  2 oozes (D)
  A rat (D)
70 creatures vanquished.

Vanquished Creatures (others)
  2 draconian scorchers (D)
  3 yaktaurs (D)
5 creatures vanquished.

Grand Total: 75 creatures vanquished

Notes
Turn   | Place    | Note
--------------------------------------------------------------
     0 | D        | Kidiri the Spriggan Enchanter began the quest for the Orb.
     0 | D        | Reached XP level 1. HP: 9/9 MP: 5/5
     7 | D        | Reached skill level 5 in Stealth
     7 | D        | Reached XP level 2. HP: 14/14 MP: 7/7
    45 | D        | Learned a level 2 spell: Ensorcelled Hibernation
    60 | D        | Noticed Jessica
    62 | D        | Killed Jessica
    62 | D        | Reached skill level 1 in Fighting
    62 | D        | Reached skill level 1 in Armour
    62 | D        | Reached XP level 3. HP: 18/18 MP: 7/9
    76 | D        | Learned a level 3 spell: Confuse
    80 | D        | Learned a level 3 spell: Dazzling Spray
   125 | D        | Reached skill level 5 in Dodging
   125 | D        | Reached skill level 6 in Stealth
   125 | D        | Reached skill level 1 in Ice Magic
   128 | D        | Killed a yaktaur
   140 | D        | Noticed a scorpion
   147 | D        | Killed a scorpion
   147 | D        | Reached skill level 7 in Stealth
   147 | D        | Reached skill level 5 in Spellcasting
   147 | D        | Reached XP level 4. HP: 23/23 MP: 9/12
   155 | D        | Learned a level 3 spell: Tukima's Dance
   175 | D        | Gained mutation: Potions and wands are less effective at restoring your health. [potion of mutation]
   175 | D        | Gained mutation: You are weak. (Str -2) [potion of mutation]
   176 | D        | Lost mutation: Potions and wands are less effective at restoring your health. [potion of cure mutation]
   176 | D        | Lost mutation: You are weak. (Str -2) [potion of cure mutation]
   177 | D        | Gained mutation: You are agile. (Dex +2) [potion of mutation]
   177 | D        | Gained mutation: You are partially covered in thin metallic scales (AC +2). [potion of mutation]
   177 | D        | Gained mutation: Your muscles are strong. (Str +2) [potion of mutation]
   178 | D        | Gained mutation: You are dopey. (Int -2) [potion of mutation]
   178 | D        | Gained mutation: You are partially covered in yellow scales (AC +2). [potion of mutation]
   178 | D        | Gained mutation: Your flesh is heat resistant. [potion of mutation]
   205 | D        | Noticed a water elemental
   213 | D        | Killed a white draconian scorcher
   284 | D        | Killed a white draconian scorcher
   355 | D        | Noticed a shadow
   357 | D        | Killed a shadow
   357 | D        | Reached skill level 5 in Short Blades
   357 | D        | Reached skill level 8 in Stealth
   357 | D        | Reached skill level 1 in Conjurations
   357 | D        | Reached skill level 5 in Hexes
   357 | D        | Reached XP level 5. HP: 27/27 MP: 12/14
   361 | D        | Reached XP level 6. HP: 32/32 MP: 13/16
   380 | D        | Found an oddly glowing altar of Pakellas.
   380 | D        | Found a stormy altar of Qazlal.
   381 | D        | Found a sacrificial altar of Ru.
   381 | D        | Found a burning altar of Makhleb.
   381 | D        | Found a viscous altar of Jiyva.
   381 | D        | Found a shimmering altar of Xom.
   381 | D        | Found a shadowy altar of Dithmenos.
   381 | D        | Found a sparkling altar of Nemelex Xobeh.
   381 | D        | Found a corrupted altar of Lugonu.
   381 | D        | Found an opulent altar of Gozag.
   381 | D        | Noticed a spatial vortex
   386 | D        | Became a worshipper of Dithmenos the Shadowed
   556 | D        | Killed a spatial vortex
   556 | D        | Reached skill level 9 in Stealth
   556 | D        | Reached skill level 1 in Invocations
   690 | D        | Found a radiant altar of Vehumet.
   691 | D        | Found a deep blue altar of Sif Muna.
   691 | D        | Found an ancient bone altar of Kikubaaqudgha.
   713 | D        | Found a glowing silver altar of Zin.
   714 | D        | Found a glowing golden altar of the Shining One.
   714 | D        | Found a white marble altar of Elyvilon.
   714 | D        | Noticed a deep elf mage
   716 | D        | Killed a deep elf mage
   716 | D        | Reached * piety under Dithmenos
   716 | D        | Reached skill level 11 in Stealth
   716 | D        | Reached XP level 7. HP: 36/36 MP: 17/19
   727 | D        | Found an iron altar of Okawaru.
   728 | D        | Found a bloodstained altar of Trog.
   728 | D        | Noticed a human
   728 | D        | Noticed a human
   730 | D        | Killed a human
   730 | D        | Reached skill level 10 in Dodging
   731 | D        | Killed a human
   731 | D        | Reached XP level 8. HP: 42/42 MP: 18/21
   746 | D        | Found a snail-covered altar of Cheibriados.
   747 | D        | Found a basalt altar of Yredelemnul.
   747 | D        | Found a blossoming altar of Fedhas.
   748 | D        | Reached ** piety under Dithmenos
   942 | D        | Reached *** piety under Dithmenos
   942 | D        | Reached skill level 12 in Stealth
   955 | D        | Noticed Erolcha
   957 | D        | Killed Erolcha
   957 | D        | Reached skill level 13 in Stealth
   957 | D        | Reached skill level 10 in Spellcasting
   957 | D        | Reached XP level 9. HP: 46/46 MP: 21/24
   979 | D        | Reached skill level 1 in Evocations
   982 | D        | Reached skill level 5 in Fighting
  1072 | D        | Noticed a queen bee
  1076 | D        | Reached **** piety under Dithmenos
  1083 | D        | Killed a queen bee
  1095 | D        | Reached ***** piety under Dithmenos
  1249 | D        | Reached skill level 5 in Ice Magic
  1324 | D        | Killed a yaktaur
  1393 | D        | Reached skill level 14 in Stealth
  1407 | D        | Reached ****** piety under Dithmenos
  1413 | D        | Reached skill level 10 in Short Blades
  1553 | D        | Reached XP level 10. HP: 51/51 MP: 26/26
  1917 | D        | Noticed a spiny frog
  1917 | D        | Noticed a spiny frog
  1920 | D        | Killed a spiny frog
  1920 | D        | Reached skill level 15 in Stealth
  1924 | D        | Reached skill level 5 in Armour
  1927 | D        | Killed a spiny frog
  1955 | D        | Reached skill level 5 in Evocations
  2113 | D        | Noticed a lindwurm
  2116 | D        | Killed a lindwurm
  2116 | D        | Reached skill level 5 in Conjurations
  2124 | D        | Noticed Maud
  2348 | D        | Slain by Maud

Skill      XL: |  1  2  3  4  5  6  7  8  9 10 |
---------------+-------------------------------+-----
Spellcasting   | 3 4 5 6 8 10 11 12 | 12.4
Short Blades   | 2 3 5 7 9 10 11 | 11.2
Dodging        | 4 6 7 9 10 12 13 14 | 14.4
Stealth        | 5 7 8 11 13 14 15 | 15.7
Hexes          | 4 5 6 7 8 9 |  9.5
Fighting       | 1 2 3 4 5 6 |  6.2
Armour         | 1 2 3 4 5 |  5.3
Ice Magic      | 1 2 3 4 5 |  5.9
Conjurations   | 1 2 3 4 5 |  5.1
Invocations    | 2 |  2.8
Evocations     | 3 5 |  5.4

Action                   |  1- 3 |  4- 6 |  7- 9 | 10-12 || total
-------------------------+-------+-------+-------+-------++-------
Melee: Dagger            |    12 |    14 |    53 |    29 ||   108
 Cast: Ensorcelled Hiber |     4 |       |    33 |    17 ||    54
       Dazzling Spray    |     1 |    12 |    11 |    20 ||    44
       Confuse           |       |       |     1 |     1 ||     2
Invok: Shadow Step       |       |       |     2 |     2 ||     4
  Use: Potion            |     2 |     6 |       |     2 ||    10
       Scroll            |       |     6 |       |       ||     6
 Stab: Sleeping          |     3 |     5 |    29 |    14 ||    51
       Invisible         |     2 |       |     3 |     1 ||     6
  Eat: Bread ration      |       |       |       |     1 ||     1
Armor: Robe              |     1 |       |     3 |     3 ||     7
Dodge: Dodged            |     2 |     4 |    84 |    33 ||   123
